 Dungeon Crawl Stone Soup version 0.23-a0-270-gab6feb3 (webtiles) character file.

43 Irenicus the Digger (level 3, 0/28 HPs)
             Began as a Deep Dwarf Earth Elementalist on Oct 1, 2018.
             Slain by a goblin (3 damage)
             ... led by Robin
             ... on level 2 of the Dungeon.
             The game lasted 00:05:16 (619 turns).

Irenicus the Digger (Deep Dwarf Earth Elementalist)  Turns: 619, Time: 00:05:16

Health: 0/28       AC:  2    Str: 11    XL:     3   Next: 37%
Magic:  0/5        EV: 12    Int: 16    God:
Gold:   18         SH:  0    Dex: 13    Spells: 4/7 levels left

rFire    . . .     SeeInvis .   a - +1 club
rCold    . . .     Gourm    .   (no shield)
rNeg     . . .     Faith    .   c - +0 robe
rPois    .         Spirit   .   (no helmet)
rElec    .         Reflect  .   (no cloak)
rCorr    .         Harm     .   (no gloves)
MR       .....                  (no boots)
Stlth    ++........             (no amulet)
HPRegen  0.00/turn              (no ring)
MPRegen  0.09/turn              (no ring)

@: very slightly contaminated, non-regenerating
A: damage resistance, heal wounds, sense surroundings 1, no regeneration
a: Heal Wounds


You were on level 2 of the Dungeon.
You were not hungry.

You visited 1 branch of the dungeon, and saw 2 of its levels.

You collected 18 gold pieces.

Inventory:

Hand Weapons
 a - a +1 club (weapon)
   (You took it off a goblin on level 1 of the Dungeon)
 e - a +2 hunting sling of velocity
   (You took it off a goblin on level 2 of the Dungeon)
Missiles
 b - 38 stones (quivered)
Armour
 c - a +0 robe (worn)
Potions
 f - a potion of curing
 g - a potion of magic
Comestibles
 d - a ration


   Skills:
 - Level 2.1 Dodging
 - Level 2.4 Stealth
 + Level 2.6 Spellcasting
 - Level 0.8 Transmutations
 + Level 5.1 Earth Magic


You had 4 spell levels left.
You knew the following spells:

 Your Spells              Type           Power        Failure   Level  Hunger
a - Sandblast             Erth           ###...       2%          1    #......
b - Passwall              Tmut/Erth      ##......     9%          2    ##.....

Your spell library contained the following spells:

 Spells                   Type           Power        Failure   Level  Hunger
 Stone Arrow              Conj/Erth      ##....       21%         3    ###....
 Petrify                  Tmut/Erth      ##......     50%         4    #####..
 Lee's Rapid Deconstruct  Erth           ###.......   54%         5    ######.


Dungeon Overview and Level Annotations

Branches:
Dungeon (2/15)

Altars:


Innate Abilities, Weirdness & Mutations

You are resistant to damage.
You can heal yourself by infusing magical energy.
You passively map a small area around you.
You do not regenerate.


Message History

Increase (S)trength, (I)ntelligence, or (D)exterity?
You feel clever.
b - 18 stones The goblin barely misses you.
You regained 5 hp, and now have 25/28 hp.
You now have 0/6 mp.
Things that are here:
a glowing hunting sling; 23 stones; a goblin corpse
e - a glowing hunting sling;
b - 41 stones (gained 23)
The goblin hits you with a dagger. Robin throws the goblin at you!
The goblin closely misses you.
Aim: a goblin, wielding a dagger The blast of sand misses the goblin.
b - 40 stones A rat comes into view.
Robin roars a battlecry!
The goblins go into a battle-frenzy!
The goblin hits you with a dagger! The goblin hits you.
You hear a shout! x2
You take 8 damage, and have 17/28 hp.
MASSIVE DAMAGE!!
You now have 0/6 mp.
Okay, then.
You miss the goblin. The goblin hits you with a dagger.
The goblin hits you but does no damage.
A hobgoblin comes into view. It is wielding a club.
You closely miss the goblin. The goblin closely misses you. x2
A goblin comes into view.
The goblin barely misses you.
You hit the goblin.
You kill the goblin!
Robin says, "A pitiful Dwarf like you will never find the ORB!"
Robin roars a battlecry!
The goblin goes into a battle-frenzy!
The goblin hits you with a dagger.
The rat twitches its whiskers.
Robin hits you but does no damage.
You hear a shout!
You take 2 damage, and have 15/28 hp.
Aim: a goblin, wielding a dagger (unusually strong)
The blast of sand hits the goblin.
b - 39 stones The goblin hits you with a dagger!
Robin hits you from afar with a spear.
* * * LOW HITPOINT WARNING * * *
You take 8 damage, and have 7/28 hp.
MASSIVE DAMAGE!!
You now have 0/6 mp.
Okay, then.
Your magical essence is drained by the effort!
You feel much better. The goblin misses you. Robin misses you.
Health restored: 28 You hit the goblin.
You kill the goblin!
Robin hits you from afar with a spear. Robin hits you but does no damage.
Things that are here:
a dagger; a goblin corpse You hit Robin.
Robin barely misses you.
You hit Robin but do no damage.
The hobgoblin no longer looks unusually strong.
Robin hits you with a spear! Robin hits you with a spear.
You take 9 damage, and have 19/28 hp.
MASSIVE DAMAGE!!
You closely miss Robin.
The goblin no longer looks unusually strong.
Robin hits you with a spear.
You take 2 damage, and have 17/28 hp.
You hit Robin but do no damage. Robin hits you with a spear.
You take 4 damage, and have 13/28 hp.
Aim: Robin, wielding a spear, wearing an animal skin and wearing a helmet The blast of sand hits Robin.
b - 38 stones Robin hits you with a spear.
You now have 0/5 mp.
You hit Robin.
Robin roars a battlecry!
The goblins go into a battle-frenzy!
Robin hits you with a spear.
You hear a shout!
You hit Robin.
You hear a shout!
Robin barely misses you.
You hear a shout!
You hit Robin.
You kill Robin!
Your Earth Magic skill increases to level 5!
You hit the rat. The rat completely misses you. The rat misses you.
You hit the rat but do no damage. The rat bites you.
You take 2 damage, and have 11/28 hp.
You hit the rat.
You kill the rat!
You barely miss the goblin. The goblin hits you.
* * * LOW HITPOINT WARNING * * *
The goblin hits you.
* * * LOW HITPOINT WARNING * * *
You hit the goblin. The goblin misses you.
You take 7 damage, and have 4/28 hp.
MASSIVE DAMAGE!!
Aim: a goblin (heavily wounded, unusually strong)
You miscast Sandblast.
You are very lightly contaminated with residual magic.
The floor vibrates.
The goblin hits you.
* * * LOW HITPOINT WARNING * * *
You take 1 damage, and have 3/28 hp.
You now have 0/5 mp.
You fail to use your ability.
The goblin hits you.
You die...

###...#######.#*
......# #g# ###...#
#.#* #..#.# #g#
#.##.# #r# *#.##.#
#####†# *** * ,
#.##.# #...#.#*,, , *
, #.##.#
#.#.#.###########
#.##=#
#.#.#.gg@.......?,
#.##.#
#.#.############# *
#.##.# #.#.#.......<#
,
#.##)###'#.#.########
#..........#.# * ,
#..........#.# ,
#..........#.# ,
,#..........#.######
*
#...................
*


You could see a hobgoblin and a goblin.

Vanquished Creatures
  Robin (D:2)
  A leopard gecko (D:1)
  3 giant cockroaches (D:1)
  6 hobgoblins
  2 kobolds (D:1)
  3 bats (D:1)
  8 goblins
  4 rats
28 creatures vanquished.

Notes
Turn   | Place    | Note
-------+----------+-------------------------------------------
     0 | D:1      | Irenicus the Deep Dwarf Earth Elementalist began the quest
                  | for the Orb.
     0 | D:1      | Reached XP level 1. HP: 15/15 MP: 3/3
    52 | D:1      | Reached skill level 2 in Spellcasting
   130 | D:1      | Reached XP level 2. HP: 22/22 MP: 5/5
   159 | D:1      | Learned a level 2 spell: Passwall
   582 | D:2      | Noticed Robin
   588 | D:2      | Reached XP level 3. HP: 25/28 MP: 0/6
   600 | D:2      | HP: 7/28 [Robin/spear (2)]
   612 | D:2      | Killed Robin
   612 | D:2      | Reached skill level 5 in Earth Magic
   616 | D:2      | HP: 4/28 [goblin[Robin] (4)]
   619 | D:2      | Slain by a goblin

Vault maps used:
D:1:      minmay_arrival_cross
D:2:      nemelex_spade_bored_becter, uniq_robin

Skill      XL: |  1  2  3 |
---------------+----------+-----
Spellcasting   | 2 |  2.6
Earth Magic    | 5 |  5.1
Dodging        | |  2.1
Stealth        | |  2.4
Transmutations | |  0.8

Action                   || total
-------------------------++-------
Melee: Club              ||    40
       Unarmed           ||     1
 Cast: Sandblast         ||    28
 Abil: Heal Wounds       ||     2
  Use: Scroll            ||     6
 Stab: Sleeping          ||     1
Armor: Robe              ||    16
Dodge: Dodged            ||    38

Table legend:
 A = Non-vault XP
 B = Vault XP
 C = Vault XP percentage of total XP
 D = Non-vault monster count
 E = Vault monster count
 F = Vault count percentage of total count
                 A         B        C        D         E       F
            +---------+---------+-------+---------+---------+-------
      Total |      34 |      28 |  45.2 |      21 |       7 |  25.0
            +---------+---------+-------+---------+---------+-------
        D:1 |      32 |       0 |   0.0 |      19 |       0 |   0.0
        D:2 |       2 |      28 |  93.3 |       2 |       7 |  77.8
            +---------+---------+-------+---------+---------+-------

Vault maps used:
D:1:      minmay_arrival_cross
D:2:      nemelex_spade_bored_becter, uniq_robin

Table legend:
 A = Turns spent in this place as a percentage of turns spent in the entire game.
 B = Non-inter-level travel turns spent in this place as a percentage of non-inter-level travel turns spent in the entire game.
 C = Inter-level travel turns spent in this place as a percentage of turns spent in this place.
 D = Turns resting spent in this place as a percentage of non-inter-level travel turns spent in this place.
 E = Turns spent auto-exploring this place as a percentage of non-inter-level travel turns spent in this place.
 F = Non-inter-level travel turns spent in this place divided by the number of levels of this place that you've seen.
                   A       B       C       D       E      F
               +-------+-------+-------+-------+-------+----------------------
         Total | 100.0 | 100.0 |   0.0 |   0.0 |   0.0 | 309.5
       Dungeon | 100.0 | 100.0 |   0.0 |   0.0 |   0.0 | 309.5
               +-------+-------+-------+-------+-------+----------------------

Table legend:
 A = Kills in this place as a percentage of kills in entire the game.
 B = Kills by you in this place as a percentage of kills by you in the entire game.
 C = Kills by friends in this place as a percentage of kills by friends in the entire game.
 D = Other kills in this place as a percentage of other kills in the entire game.
 E = Experience gained in this place as a percentage of experience gained in the entire game.
 F = Experience gained in this place divided by the number of levels of this place that you have seen.
                   A       B       C       D       E      F
               +-------+-------+-------+-------+-------+----------------------
         Total | 100.0 | 100.0 |   N/A |   N/A | 100.0 |  31.0
       Dungeon | 100.0 | 100.0 |   N/A |   N/A | 100.0 |  31.0
               +-------+-------+-------+-------+-------+----------------------
